AoeStats
← LordValor

MegaRandom

509158829Analyzed
4v4 RM · 7d ago on Sep 25, 2026· 43m 23s· 8 players
Game mode
Random Map
Map size
Large (8 player)
Population
200
Speed
Normal
Resources
Standard
Victory
Conquest
Starting age
Dark Age
Ending age
Imperial Age
RankedLock teamsTeams togetherTeam positionsShared explorationLock speedFull tech treeHidden civsTurbo modeCheats
Victory
Defeat
🇪🇸 Huns · Spain
1000
+17
🇫🇷 Saxons · France
961
+19
🇹🇷 Armenians · Türkiye
961
+19
🇩🇪 Japanese · Germany
937
+20
🇪🇸 Burmese · Spain
1070
-20
🇷🇺 Danes · Russia
1066
-20
🇺🇸 Khmer · United States
1029
-19
🇺🇸 Dravidians · United States
945
-16
kirlito
12:36 Feudal Age
13:57 Wheelbarrow
13:09 Horse Collar
13:36 Double-Bit Axe
17:09 Stone Mining
19:59 Castle Age
18:48 Gold Mining
19:10 Scale Barding Armor
19:17 Forging
20:58 Hand Cart
20:54 Bow Saw
20:46 Heavy Plow
22:34 Gold Shaft Mining
26:10 Chain Barding Armor
26:26 Iron Casting
26:39 Marauders
29:03 Bloodlines
28:54 Husbandry
33:14 Imperial Age
33:39 Elite Tarkan
35:45 Blast Furnace
36:16 Conscription
36:57 Plate Barding Armor
cagatai
12:00 Feudal Age
10:19 Loom
13:11 Double-Bit Axe
15:52 Horse Collar
21:23 Castle Age
24:16 Fletching
24:28 Padded Archer Armor
24:49 Bow Saw
24:31 Gold Mining
24:32 Stone Mining
28:04 Masonry
33:08 Bodkin Arrow
33:28 Leather Archer Armor
33:23 Forging
33:53 Wheelbarrow
33:03 Town Watch
34:18 Ballistics
35:21 Heavy Plow
40:20 Imperial Age
41:35 Iron Casting
41:28 Conscription
40:30 Elite Composite Bowman
41:00 Pikeman
41:44 Scale Mail Armor
42:09 Hand Cart
41:54 Capped Ram
43:27 Squires
44:21 Gold Shaft Mining
LordValor
15:24 Feudal Age
16:08 Double-Bit Axe
21:12 Castle Age
19:11 Fishing Lines
22:27 Bow Saw
24:06 Loom
24:58 Gillnets
30:12 Imperial Age
29:09 Padded Archer Armor
28:59 Fletching
29:15 Scale Barding Armor
29:52 Wheelbarrow
29:03 Town Watch
30:02 Ballistics
29:55 Masonry
29:25 Treadmill Crane
31:10 Bodkin Arrow
31:31 Leather Archer Armor
32:12 Heavy Cavalry Archer
34:24 Chemistry
35:39 Gold Mining
36:14 Conscription
36:08 Bracer
36:38 Ring Archer Armor
36:29 Chain Barding Armor
36:51 Husbandry
38:18 Parthian Tactics
41:00 Two-Man Saw
Anne d'autriche
14:05 Feudal Age
12:20 Loom
14:33 Fishing Lines
16:20 Wheelbarrow
15:45 Double-Bit Axe
16:03 Gold Mining
16:00 Man-at-Arms
16:33 Arson
21:03 Castle Age
19:07 Scale Mail Armor
22:03 Bow Saw
21:55 Gillnets
22:35 Forging
22:30 Squires
22:24 Gambesons
22:36 Long Swordsman
23:24 Stone Mining
24:20 Chain Mail Armor
25:16 Gold Shaft Mining
25:54 Iron Casting
26:51 Caravan
28:08 Hand Cart
39:08 Ballistics
43:31 Medium Warships
43:42 Careening
Nwelt
9:19 Loom
12:27 Feudal Age
12:58 Horse Collar
13:04 Double-Bit Axe
15:37 Town Watch
18:59 Castle Age
21:30 Scale Mail Armor
21:40 Forging
24:50 Chain Mail Armor
29:41 Fletching
36:01 Imperial Age
34:31 Bodkin Arrow
35:19 Bow Saw
38:39 Conscription
39:53 Heavy Plow
Tracia
6:10 Loom
11:28 Feudal Age
12:33 Horse Collar
20:50 Castle Age
21:08 Gold Mining
21:10 Stone Mining
22:22 Town Watch
23:25 Gold Shaft Mining
24:51 Wheelbarrow
26:11 Murder Holes
26:37 Ballistics
26:32 Bloodlines
26:23 Husbandry
26:38 Fletching
27:21 Bodkin Arrow
30:22 Bloodlines
30:14 Husbandry
33:19 Masonry
33:22 Fortified Wall
35:36 Hand Cart
36:57 Scale Barding Armor
37:02 Forging
39:25 Redemption
39:49 Sanctity
39:40 Fervor
39:39 Town Patrol
40:45 Chain Barding Armor
41:41 Treadmill Crane
43:21 Manipur Cavalry
bergiebird
7:55 Loom
14:46 Feudal Age
15:40 Double-Bit Axe
18:41 Castle Age
17:35 Wheelbarrow
16:57 Stone Mining
17:39 Gold Mining
17:58 Fishing Lines
18:10 Man-at-Arms
18:42 Arson
23:21 Imperial Age
20:19 Long Swordsman
21:06 Scale Mail Armor
21:19 Gillnets
21:36 Gambesons
21:52 Squires
21:37 Arson
22:17 Forging
22:23 Chain Mail Armor
23:45 Iron Casting
24:40 Wootz Steel
24:43 Conscription
24:44 Wootz Steel
23:56 Two-Handed Swordsman
24:35 Town Watch
25:18 Champion
27:22 Plate Mail Armor
28:52 Blast Furnace
29:00 Horse Collar
29:36 Bow Saw
30:03 Fletching
31:23 Two-Man Saw
31:29 Bodkin Arrow
35:05 Hand Cart
36:00 Ballistics
36:43 Chemistry
40:42 Elite Cannon Galleon
Achilles333
9:49 Loom
11:37 Feudal Age
15:46 Castle Age
13:48 Double-Bit Axe
14:51 Horse Collar
17:36 Bow Saw
22:08 Gold Mining
22:27 Heavy Plow
24:06 Loom
25:10 Wheelbarrow
25:15 Gold Shaft Mining
24:32 Stone Mining
28:23 Imperial Age
27:15 Stone Shaft Mining
27:29 Husbandry
27:39 Bloodlines
27:59 Scale Barding Armor
28:04 Forging
29:19 Hand Cart
30:54 Tusk Swords
31:15 Conscription
34:35 Ballistics
33:55 Heavy Scorpion
35:43 Chain Barding Armor
35:58 Iron Casting
35:21 Fletching
38:26 Chain Barding Armor
38:41 Iron Casting
41:44 Crop Rotation
41:31 Double Crossbow
Connection lost

Rejoining the realm…

Still unreachable

The connection could not be restored.

Session expired

The server has moved on; the page needs a fresh start.